Map: Temple gelé

Players

gab - Winner!

  • Race: Protoss Protoss
  • League: Master

Worming

  • Race: Zerg Zerg
  • League: Diamond

VOD

Have the link to the VOD?

Description

Time

  • Played on: May 3, 2016, 11:57 a.m.
  • Length: 12:41
Show
View Real Time Build Order
Export as new Build Order

gab Protoss - Winner!

Build Orders:  

Get SALT Encoding   

  12  0:01  Probe (Chrono Boost)  
  13  0:11  Probe (Chrono Boost)  
  14  0:18  Pylon  
  14  0:22  Probe (Chrono Boost)  
  15  0:36  Probe (Chrono Boost)  
  15  0:41  Gateway  
  16  0:46  Probe (Chrono Boost)  
  17  0:50  Assimilator  
  18  0:57  Probe (Chrono Boost)  
  18  1:07  Probe (Chrono Boost)  
  19  1:18  Probe (Chrono Boost)  
  20  1:22  Gateway  
  20  1:28  Probe (Chrono Boost)  
  20  1:29  Cybernetics Core  
  21  1:32  Pylon  
  21  1:39  Probe (Chrono Boost)  
  22  1:44  Assimilator  
  22  1:50  Probe (Chrono Boost)  
  23  2:00  Probe (Chrono Boost)  
  24  2:06  Warp Gate (Chrono Boost)  
  26  2:09  Adept (Chrono Boost)  
  26  2:11  Adept (Chrono Boost)  
  26  2:12  Probe  
  29  2:35  Nexus  
  29  2:41  Pylon  
  31  2:44  Mothership Core  
  31  3:00  Adept  
  31  3:01  Adept  
  31  3:05  Probe  
  36  3:17  Probe  
  37  3:29  Probe  
  36  3:41  Probe  
  36  3:46  Twilight Council  
  36  3:47  Pylon  
  35  3:52  Gateway, Probe  
  35  3:54  Gateway, Probe  
  37  4:04  Probe  
  37  4:06  Probe  
  39  4:13  Robotics Facility  
  39  4:15  Probe  
  40  4:18  Probe  
  40  4:22  Resonating Glaives (Chrono Boost)  
  41  4:25  Probe  
  41  4:29  Gateway  
  41  4:30  Probe  
  43  4:36  Probe  
  43  4:37  Gateway  
  44  4:42  Probe  
  44  4:43  Gateway  
  45  4:51  Gateway  
  45  4:52  Probe  
  45  4:53  Pylon  
  45  4:56  Probe  
  47  5:00  Assimilator  
  47  5:02  Assimilator  
  47  5:07  Warp Prism  
  47  5:14  Adept  
  51  5:15  Adept  
  51  5:18  Adept  
  55  5:21  Adept  
  57  5:32  Adept  
  57  5:33  Adept  
  61  5:36  Adept x2  
  61  5:38  Probe  
  61  5:39  Probe  
  67  5:44  Pylon  
  67  5:51  Probe x2, Pylon  
  67  5:53  Pylon  
  69  6:12  Adept  
  69  6:13  Adept x5  
  69  6:16  Adept  
  83  6:37  Adept x5  
  93  6:53  Immortal  
  89  6:55  Dark Shrine  
  79  7:05  Adept x2  
  79  7:06  Adept x4  
  71  7:25  Probe  
  71  7:27  Probe  
  73  7:32  Immortal  
  69  7:39  Probe  
  66  7:44  Probe  
  66  7:51  Probe  
  68  8:12  Immortal  
  70  8:16  Probe  
  71  8:26  Dark Templar x2  
  75  8:27  Dark Templar  
  73  8:35  Dark Templar x2  
  73  8:37  Dark Templar  
  79  8:41  Probe  
  79  8:42  Probe  
  81  8:52  Probe  
  82  8:59  Pylon  
  76  9:02  Pylon  
  76  9:07  Probe  
  74  9:10  Immortal  
  74  9:12  Blink (Chrono Boost), Forge  
  74  9:14  Robotics Facility  
  74  9:15  Robotics Bay  
  78  9:29  Nexus  
  78  9:30  Stalker x3  
  84  9:32  Stalker  
  84  9:33  Stalker x4  
  94  9:44  Probe  
  95  9:46  Probe  
  96  9:54  Immortal  
  96  9:56  Probe x2  
  102  10:01  Photon Cannon  
  102  10:06  Forge  
  102  10:12  Probe  
  102  10:14  Probe  
  102  10:15  Protoss Ground Weapons Level 1  
  102  10:37  Pylon  
  102  10:39  Pylon  
  102  10:40  Pylon, Disruptor x2  
  102  10:42  Protoss Ground Armor Level 1, Pylon  
  108  10:45  Pylon  
  108  10:47  Stalker  
  108  10:49  Stalker  
  112  10:53  Probe  
  112  10:56  Assimilator  
  113  10:59  Assimilator  
  113  11:02  Templar Archives  
  113  11:12  Stalker x2  
  113  11:15  Stalker  
  113  11:16  Disruptor x2  
  125  11:20  Stalker  
  125  11:21  Stalker  
  129  11:44  High Templar  
  131  11:50  High Templar  
  131  11:52  Stalker  
  131  11:54  Archon  
  135  12:03  Stalker  
  135  12:04  Stalker x3  
  143  12:20  Observer  
Show
View Real Time Build Order
Export as new Build Order

Worming Zerg 

Build Orders: Hatch First 

Get SALT Encoding   

  12  0:02  Drone  
  13  0:12  Overlord  
  13  0:18  Drone  
  14  0:31  Drone x2  
  14  0:34  Drone  
  17  0:53  Hatchery  
  17  0:56  Drone  
  17  0:59  Drone  
  18  1:14  Spawning Pool  
  18  1:15  Drone  
  18  1:20  Drone  
  19  1:28  Drone  
  20  1:33  Extractor  
  20  1:39  Overlord  
  19  1:56  Drone  
  19  2:00  Queen  
  22  2:01  Zergling x2  
  22  2:05  Queen  
  22  2:06  Zergling x2  
  26  2:14  Drone  
  27  2:21  Drone  
  28  2:23  Drone  
  28  2:27  Drone  
  30  2:39  Queen  
  30  2:40  Metabolic Boost  
  30  2:41  Overlord  
  30  2:55  Zergling x4, Roach Warren  
  31  3:01  Zergling x4  
  33  3:08  Overlord  
  27  3:44  Drone x8  
  35  3:56  Hatchery  
  34  4:08  Zergling x4  
  36  4:11  Drone x3  
  38  4:27  Overlord  
  38  4:28  Drone x7  
  45  4:35  Drone  
  46  4:40  Lair  
  46  4:43  Evolution Chamber  
  46  4:45  Evolution Chamber, Extractor x2  
  42  4:49  Drone x3  
  45  4:57  Drone x3  
  45  4:58  Drone x3  
  51  5:00  Drone  
  52  5:20  Zerg Missile Weapons Level 1  
  52  5:21  Zerg Ground Armor Level 1  
  52  5:23  Drone x3  
  52  5:24  Drone x4  
  59  5:37  Glial Reconstitution  
  59  5:39  Roach x2  
  59  5:40  Overlord x3  
  63  5:44  Overlord  
  63  5:56  Roach  
  65  6:00  Roach x4  
  65  6:01  Roach x2, Spine Crawler  
  76  6:07  Roach x2  
  76  6:09  Roach  
  80  6:27  Roach x6  
  80  6:28  Zergling x12  
  98  6:37  Roach  
  90  6:50  Roach  
  90  6:51  Roach x6  
  84  7:03  Queen x2  
  72  7:27  Drone x8  
  53  7:39  Drone x6  
  57  7:56  Drone x2  
  59  8:10  Drone x3  
  57  8:18  Drone  
  56  8:33  Overseer  
  56  8:34  Overseer  
  56  8:36  Overseer  
  56  8:40  Drone  
  52  8:58  Overseer  
  44  9:08  Roach x3  
  49  9:25  Overlord  
  49  9:26  Zergling x10  
  48  9:57  Hatchery  
  33  10:16  Drone x6  
  39  10:32  Drone x4  
  43  10:47  Zergling x2  
  44  10:53  Drone  
  44  10:54  Drone x2  
  44  10:56  Drone  
  48  11:13  Spine Crawler  
  48  11:16  Drone x3  
  48  11:17  Drone  
  51  11:25  Drone x3  
  53  11:30  Extractor  
  53  11:32  Drone x3  
  55  11:43  Drone  
  59  11:54  Drone x7  
  63  12:09  Zergling x8  
  63  12:11  Zergling x2  
  63  12:13  Zergling x2  
Tags
 
Add a new tag
Caveats
  • Supply blocks, unpowered buildings, or Contaminate may cause inaccurate times.
  • Supply counts are checked every 10 seconds.